AoeStats
← The Crusader

Arabia

510652317Analyzed
1v1 RM · 17h ago on Oct 2, 2026· 41m 18s· 2 players
Game mode
Random Map
Map size
Tiny (2 player)
Population
200
Speed
Normal
Resources
Standard
Victory
Conquest
Starting age
Dark Age
Ending age
Imperial Age
RankedLock teamsTeams togetherTeam positionsShared explorationLock speedFull tech treeHidden civsTurbo modeCheats
Victory
Defeat
🇺🇸 Magyars · United States
1732
+18
1770
-18
The Crusader
6:07 Loom
8:48 Feudal Age
17:26 Double-Bit Axe
20:12 Fletching
21:33 Padded Archer Armor
28:04 Castle Age
26:37 Gold Mining
28:35 Bloodlines
28:48 Husbandry
29:11 Bodkin Arrow
38:32 Wheelbarrow
38:10 Bow Saw
43:09 Imperial Age
42:14 Ballistics
Im_16Years_Old_IamCaPte
7:05 Loom
9:13 Feudal Age
9:27 Man-at-Arms
13:46 Arson
20:58 Fletching
22:23 Scale Mail Armor
23:10 Town Watch
23:36 Forging
25:31 Horse Collar
27:03 Scale Barding Armor
27:14 Bloodlines
30:24 Castle Age
32:04 Chain Barding Armor
38:13 Chain Mail Armor
Connection lost

Rejoining the realm…

Still unreachable

The connection could not be restored.

Session expired

The server has moved on; the page needs a fresh start.